[ AOE2 MATCH · #495465451 ]
UnrankedBritons vs Japanese
Player's team · WIN
Rival team · LOSS
[ REPLAY ANALYSIS · EXTRACTED FROM THE RECORDED GAME ]
Feudal
10:07
Castle
14:18
Imperial
27:09
| APM avg | 30.5 |
| APM peak | 64 |
| eAPM avg | 18.2 |
| Villagers / military | 96 / 34 |
Focus
⚔️ 24.5% · 🌾 75.5%
Longbowman ×30 · Mangonel ×2 · Battering Ram ×1 · Trebuchet (Packed) ×1
Feudal
8:26
Castle
23:10
Imperial
30:39
| APM avg | 73.9 |
| APM peak | 160 |
| eAPM avg | 34.8 |
| Villagers / military | 98 / 30 |
Focus
⚔️ 33.7% · 🌾 66.3%
Archer ×27 · Scout Cavalry ×2 · Monk ×1
Match map
Initial resources + every placement click. Lines = walls · curves = elevation contours. ◆ gold · ⬟ stone · ● berries · ✦ relic · ◌ wall gap
Your base· ✓ Closed at 14:18 · 6t walls · 4 gate(s)
Hellboy's base· ✓ Closed at 23:10 · 18t walls · 3 gate(s)
Smoothed initial terrain · ◌ = detected wall gap · hover for details
Inputs per minute
— Mario - - Hellboy
Build order — Mario
First 150 of 212 actions detected
| 0:00 | Queue | Villager (Male) |
| 0:00 | Queue | Villager (Male) |
| 0:01 | Queue | Villager (Male) |
| 0:02 | Build | House |
| 0:03 | Build | House |
| 0:14 | Queue | Villager (Male) |
| 0:14 | Queue | Villager (Male) |
| 1:18 | Queue | Villager (Male) |
| 1:18 | Queue | Villager (Male) |
| 1:45 | Queue | Villager (Male) |
| 1:45 | Queue | Villager (Male) |
| 1:56 | Build | Lumber Camp |
| 2:05 | Queue | Villager (Male) |
| 2:06 | Queue | Villager (Male) |
| 2:36 | Queue | Villager (Male) |
| 2:36 | Queue | Villager (Male) |
| 3:02 | Build | House |
| 3:02 | Build | House |
| 3:06 | Queue | Villager (Male) |
| 3:23 | Queue | Villager (Male) |
| 3:38 | Queue | Villager (Male) |
| 3:38 | Queue | Villager (Male) |
| 4:31 | Queue | Villager (Male) |
| 4:51 | Queue | Villager (Male) |
| 5:01 | Build | Mill |
| 5:21 | Queue | Villager (Male) |
| 5:21 | Queue | Villager (Male) |
| 6:05 | Queue | Villager (Male) |
| 6:34 | Queue | Villager (Male) |
| 7:07 | Queue | Villager (Male) |
| 7:10 | Queue | Villager (Male) |
| 7:41 | Queue | Villager (Male) |
| 7:41 | Queue | Villager (Male) |
| 7:50 | Build | Mining Camp |
| 7:52 | Research | Feudal Age |
| 7:58 | Build | Farm |
| 8:23 | Queue | Villager (Male) |
| 8:23 | Queue | Villager (Male) |
| 9:11 | Research | Loom |
| 9:12 | Queue | Villager (Male) |
| 9:28 | Build | House |
| 10:05 | Build | House |
| 10:07 | Age | Feudal Age |
| 10:09 | Build | House |
| 10:12 | Build | Blacksmith |
| 10:26 | Build | Market |
| 10:36 | Build | House |
| 10:38 | Build | Stone Wall |
| 10:42 | Build | Gate |
| 11:09 | Queue | Villager (Male) |
| 11:11 | Build | House |
| 11:38 | Research | Castle Age |
| 11:38 | Research | Castle Age |
| 11:46 | Build | Stone Wall |
| 12:03 | Build | House |
| 12:10 | Research | Double-Bit Axe |
| 12:12 | Research | Horse Collar |
| 12:20 | Build | House |
| 13:17 | Build | Lumber Camp |
| 13:44 | Build | Stone Wall |
| 14:01 | Queue | Villager (Male) |
| 14:01 | Queue | Villager (Male) |
| 14:18 | Age | Castle Age |
| 14:19 | Build | Siege Workshop |
| 15:06 | Queue | Battering Ram |
| 15:06 | Queue | Mangonel |
| 15:10 | Queue | Mangonel |
| 15:19 | Queue | Villager (Male) |
| 15:19 | Queue | Villager (Male) |
| 15:45 | Build | Town Center |
| 15:46 | Queue | Villager (Male) |
| 16:21 | Queue | Villager (Male) |
| 16:22 | Queue | Villager (Male) |
| 16:27 | Build | Farm |
| 16:28 | Build | Farm |
| 16:30 | Build | Farm |
| 16:42 | Build | Farm |
| 16:48 | Build | Farm |
| 17:05 | Build | Mining Camp |
| 17:25 | Build | House |
| 17:29 | Queue | Villager (Male) |
| 17:30 | Queue | Villager (Male) |
| 17:33 | Build | Farm |
| 17:34 | Build | Farm |
| 17:38 | Queue | Villager (Male) |
| 17:48 | Build | Farm |
| 17:50 | Build | Farm |
| 17:55 | Queue | Villager (Male) |
| 17:58 | Build | Farm |
| 18:01 | Build | Farm |
| 18:11 | Queue | Villager (Male) |
| 18:12 | Queue | Villager (Male) |
| 18:14 | Build | Farm |
| 18:29 | Build | Farm |
| 18:31 | Queue | Villager (Male) |
| 18:31 | Queue | Villager (Male) |
| 18:44 | Queue | Villager (Male) |
| 18:44 | Queue | Villager (Male) |
| 18:58 | Build | Farm |
| 18:59 | Queue | Villager (Male) |
| 19:00 | Queue | Villager (Male) |
| 19:08 | Queue | Villager (Male) |
| 19:09 | Queue | Villager (Male) |
| 19:22 | Queue | Villager (Male) |
| 19:23 | Queue | Villager (Male) |
| 19:28 | Build | Farm |
| 19:35 | Queue | Villager (Male) |
| 19:36 | Queue | Villager (Male) |
| 19:48 | Build | Farm |
| 19:50 | Queue | Villager (Male) |
| 19:51 | Queue | Villager (Male) |
| 19:53 | Build | Farm |
| 19:56 | Build | Farm |
| 19:57 | Queue | Villager (Male) |
| 19:57 | Queue | Villager (Male) |
| 20:03 | Build | Farm |
| 20:07 | Build | Farm |
| 20:09 | Queue | Villager (Male) |
| 20:09 | Queue | Villager (Male) |
| 20:20 | Queue | Villager (Male) |
| 20:21 | Queue | Villager (Male) |
| 20:39 | Queue | Villager (Male) |
| 20:39 | Queue | Villager (Male) |
| 20:48 | Queue | Villager (Male) |
| 20:54 | Build | House |
| 21:07 | Research | Wheelbarrow |
| 21:07 | Research | Wheelbarrow |
| 21:33 | Build | Castle |
| 21:38 | Build | Castle |
| 21:49 | Queue | Villager (Male) |
| 21:49 | Queue | Villager (Male) |
| 21:51 | Build | Stone Wall |
| 21:55 | Build | Stone Wall |
| 22:00 | Queue | Villager (Male) |
| 22:09 | Build | Mill |
| 22:10 | Build | Farm |
| 22:10 | Build | Farm |
| 22:10 | Build | Farm |
| 22:20 | Research | Gold Mining |
| 22:47 | Build | House |
| 22:55 | Build | House |
| 22:56 | Build | House |
| 22:57 | Build | House |
| 23:48 | Queue | Longbowman |
| 23:53 | Queue | Villager (Male) |
| 23:59 | Research | Imperial Age |
| 23:59 | Research | Imperial Age |
| 24:06 | Queue | Longbowman |
| 24:10 | Queue | Villager (Male) |
| 24:10 | Queue | Villager (Male) |
Build order — Hellboy
First 150 of 253 actions detected
| 0:01 | Queue | Villager (Male) |
| 0:01 | Queue | Villager (Male) |
| 0:01 | Queue | Villager (Male) |
| 0:02 | Build | House |
| 0:04 | Build | House |
| 0:05 | Queue | Villager (Male) |
| 0:05 | Queue | Villager (Male) |
| 1:24 | Queue | Villager (Male) |
| 1:48 | Build | Lumber Camp |
| 1:51 | Queue | Villager (Male) |
| 2:12 | Queue | Villager (Male) |
| 2:38 | Queue | Villager (Male) |
| 3:17 | Queue | Villager (Male) |
| 3:21 | Queue | Villager (Male) |
| 3:26 | Build | House |
| 3:47 | Queue | Villager (Male) |
| 3:52 | Queue | Villager (Male) |
| 3:58 | Build | Mill |
| 4:35 | Queue | Villager (Male) |
| 4:46 | Queue | Villager (Male) |
| 4:49 | Queue | Villager (Male) |
| 6:16 | Research | Feudal Age |
| 6:16 | Research | Feudal Age |
| 6:46 | Build | Palisade Wall |
| 7:01 | Build | Barracks |
| 7:04 | Queue | Villager (Male) |
| 7:06 | Build | House |
| 7:19 | Research | Loom |
| 7:26 | Build | House |
| 7:46 | Queue | Villager (Male) |
| 8:03 | Build | Mining Camp |
| 8:16 | Queue | Villager (Male) |
| 8:26 | Age | Feudal Age |
| 8:29 | Build | Watch Tower |
| 8:36 | Build | Archery Range |
| 9:07 | Research | Double-Bit Axe |
| 9:40 | Queue | Archer |
| 9:41 | Queue | Archer |
| 9:55 | Queue | Villager (Male) |
| 10:01 | Build | House |
| 10:18 | Queue | Villager (Male) |
| 10:19 | Queue | Villager (Male) |
| 10:24 | Build | Blacksmith |
| 10:34 | Queue | Villager (Male) |
| 10:46 | Build | House |
| 10:49 | Queue | Archer |
| 10:57 | Build | Mill |
| 11:19 | Queue | Villager (Male) |
| 11:31 | Queue | Archer |
| 11:40 | Build | Farm |
| 11:41 | Build | Farm |
| 11:45 | Build | Farm |
| 11:45 | Queue | Villager (Male) |
| 12:09 | Research | Fletching |
| 12:20 | Build | Farm |
| 12:33 | Queue | Archer |
| 12:37 | Build | House |
| 12:49 | Queue | Villager (Male) |
| 12:58 | Queue | Villager (Male) |
| 13:01 | Build | Mining Camp |
| 13:06 | Queue | Archer |
| 13:09 | Queue | Villager (Male) |
| 13:40 | Queue | Archer |
| 13:52 | Queue | Villager (Male) |
| 13:57 | Build | Farm |
| 14:06 | Queue | Villager (Male) |
| 14:12 | Build | Watch Tower |
| 14:20 | Queue | Villager (Male) |
| 14:36 | Queue | Villager (Male) |
| 14:50 | Build | House |
| 14:59 | Research | Horse Collar |
| 14:59 | Research | Horse Collar |
| 15:02 | Queue | Villager (Male) |
| 15:11 | Build | Farm |
| 15:22 | Build | Stone Wall |
| 15:24 | Build | Stone Wall |
| 15:24 | Build | Stone Wall |
| 15:25 | Build | Stone Wall |
| 15:26 | Build | Stone Wall |
| 15:27 | Build | Stone Wall |
| 15:30 | Queue | Villager (Male) |
| 15:32 | Build | Farm |
| 15:38 | Build | Farm |
| 15:39 | Queue | Villager (Male) |
| 15:49 | Queue | Villager (Male) |
| 16:06 | Queue | Archer |
| 16:07 | Queue | Villager (Male) |
| 16:22 | Queue | Villager (Male) |
| 16:30 | Build | Stable |
| 16:35 | Queue | Villager (Male) |
| 16:36 | Queue | Archer |
| 16:41 | Build | House |
| 16:58 | Build | Watch Tower |
| 17:05 | Queue | Archer |
| 17:06 | Queue | Villager (Male) |
| 17:12 | Build | Farm |
| 17:15 | Build | House |
| 17:32 | Queue | Scout Cavalry |
| 17:33 | Queue | Villager (Male) |
| 17:35 | Build | Farm |
| 17:36 | Build | Farm |
| 17:50 | Queue | Villager (Male) |
| 17:56 | Build | Farm |
| 18:13 | Build | Farm |
| 18:14 | Build | Farm |
| 18:37 | Build | Mill |
| 18:54 | Build | House |
| 18:59 | Research | Wheelbarrow |
| 19:04 | Build | Farm |
| 19:13 | Build | Farm |
| 20:00 | Build | Market |
| 20:30 | Research | Castle Age |
| 21:01 | Queue | Villager (Male) |
| 21:25 | Queue | Villager (Male) |
| 21:27 | Research | Scale Barding Armor |
| 21:27 | Research | Scale Barding Armor |
| 21:32 | Queue | Villager (Male) |
| 21:46 | Research | Bloodlines |
| 21:51 | Queue | Villager (Male) |
| 21:58 | Queue | Villager (Male) |
| 22:03 | Build | Farm |
| 22:05 | Build | Farm |
| 22:05 | Build | Farm |
| 22:12 | Build | Farm |
| 22:12 | Build | Farm |
| 22:24 | Queue | Villager (Male) |
| 22:29 | Queue | Scout Cavalry |
| 22:33 | Build | Farm |
| 22:33 | Build | Farm |
| 22:42 | Queue | Villager (Male) |
| 22:56 | Build | Stone Wall |
| 22:57 | Build | Stone Wall |
| 22:58 | Build | Stone Wall |
| 22:58 | Build | Stone Wall |
| 22:59 | Build | Stone Wall |
| 23:00 | Build | Stone Wall |
| 23:01 | Queue | Villager (Male) |
| 23:10 | Age | Castle Age |
| 23:17 | Build | Town Center |
| 23:18 | Queue | Villager (Male) |
| 23:25 | Build | Town Center |
| 23:26 | Queue | Villager (Male) |
| 23:43 | Queue | Villager (Male) |
| 23:45 | Build | Lumber Camp |
| 24:05 | Queue | Villager (Male) |
| 24:19 | Research | Town Watch |
| 24:21 | Queue | Villager (Male) |
| 24:32 | Queue | Villager (Male) |
| 24:44 | Build | Monastery |
| 24:48 | Queue | Villager (Male) |
Match timeline
| 6:46 | Hellboy · wall_segment Palisade Wall x1 |
| 7:01 | Hellboy · first_building Barracks |
| 8:26 | Hellboy · age_up feudal |
| 8:36 | Hellboy · first_building Archery Range |
| 10:07 | Mario · age_up feudal |
| 10:38 | Mario · wall_segment Stone Wall x4 |
| 11:46 | Mario · wall_segment Stone Wall x1 |
| 13:44 | Mario · wall_segment Stone Wall x1 |
| 14:18 | Mario · age_up castle |
| 14:19 | Mario · first_building Siege Workshop |
| 15:22 | Hellboy · wall_segment Stone Wall x1 |
| 15:24 | Hellboy · wall_segment Stone Wall x3 |
| 15:24 | Hellboy · wall_segment Stone Wall x1 |
| 15:25 | Hellboy · wall_segment Stone Wall x1 |
| 15:26 | Hellboy · wall_segment Stone Wall x1 |
| 15:27 | Hellboy · wall_segment Stone Wall x1 |
| 16:30 | Hellboy · first_building Stable |
| 16:47 | Mario · first_market_buy 100 wood |
| 21:33 | Mario · first_building Castle |
| 21:51 | Mario · wall_segment Stone Wall x1 |
| 21:55 | Mario · wall_segment Stone Wall x1 |
| 22:56 | Hellboy · wall_segment Stone Wall x2 |
| 22:57 | Hellboy · wall_segment Stone Wall x1 |
| 22:58 | Hellboy · wall_segment Stone Wall x2 |
| 22:58 | Hellboy · wall_segment Stone Wall x1 |
| 22:59 | Hellboy · wall_segment Stone Wall x1 |
| 23:00 | Hellboy · wall_segment Stone Wall x2 |
| 23:05 | Mario · first_market_sell 100 wood |
| 23:10 | Hellboy · age_up castle |
| 24:44 | Hellboy · first_building Monastery |
| 24:48 | Mario · wall_segment Stone Wall x1 |
| 27:09 | Mario · age_up imperial |
| 27:10 | Hellboy · first_market_sell 100 food |
| 29:24 | Hellboy · first_market_buy 100 food |
| 30:39 | Hellboy · age_up imperial |
| 31:42 | Hellboy · resign |
[ AI ANALYSIS · 1 CREDIT ]
What really happened in this match?
Wolo.gg analyzes every decision: build order, eco, micro, common mistakes by bracket. Personalized analysis on WhatsApp or Discord in 30 seconds.
Civ guide
Britons
Perfil
Jugador #286096